 Dungeon Crawl Stone Soup version 0.26-a0-812-g31a745ddcd (webtiles) character file.

Game seed: 901458229293354108

2647 graki42 the Thaumaturge (level 9, -9/45 HPs)
             Began as a Deep Elf Conjurer on Nov 16, 2020.
             Was a Follower of Kikubaaqudgha.
             Shot with a sling bullet by Joseph (13 damage)
             ... on level 8 of the Dungeon.
             The game lasted 00:25:31 (7541 turns).

graki42 the Thaumaturge (Deep Elf Conjurer)         Turns: 7541, Time: 00:25:32

Health: -9/45      AC:  5    Str:  7    XL:     9   Next: 36%
Magic:  11/24      EV: 28    Int: 24    God:    Kikubaaqudgha [*.....]
Gold:   382        SH:  0    Dex: 13    Spells: 9/27 levels left

rFire    . . .     SeeInvis .   (no weapon)
rCold    . . .     Faith    .   (no shield)
rNeg     . . .     Spirit   .   s - +0 steam dragon scales
rPois    .         Reflect  .   (no helmet)
rElec    .         Harm     .   (no cloak)
rCorr    .         Rampage  .   (no gloves)
MR       .....                  (no boots)
Stlth    ++........             e - amulet of the acrobat
HPRegen  0.15/turn              (no ring)
MPRegen  0.19/turn              (no ring)

@: acrobat
A: no striking features
a: Receive Corpses, Renounce Religion


You were on level 8 of the Dungeon.
You worshipped Kikubaaqudgha.
Kikubaaqudgha was aware of your devotion.
You visited 2 branches of the dungeon, and saw 9 of its levels.

You collected 382 gold pieces.

Inventory:

Armour
 n - a +2 robe of fire resistance
 s - +0 steam dragon scales (worn)
Jewellery
 e - an amulet of the acrobat (around neck)
Wands
 f - a wand of iceblast (5)
 h - a wand of polymorph (12)
 r - a wand of enslavement (7)
Scrolls
 a - a scroll of fog {unknown}
 c - 6 scrolls of remove curse
 d - a scroll of blinking
 i - a scroll of amnesia
 j - a scroll of fear
 p - a scroll of silence {unknown}
 q - 2 scrolls of teleportation
Potions
 b - a potion of curing {unknown}
 g - a potion of flight
 k - a potion of heal wounds
 l - a potion of magic
 m - a potion of mutation
 o - a potion of might


   Skills:
 - Level 3.0 Dodging
 - Level 3.0 Stealth
 + Level 9.6 Spellcasting
 + Level 9.0 Conjurations
 - Level 6.0 Hexes
 + Level 4.4 Necromancy
 - Level 5.0 Translocations


You had 9 spell levels left.
You knew the following spells:

 Your Spells              Type           Power        Failure   Level
a - Magic Dart            Conj           ####         1%          1
b - Searing Ray           Conj           ######       1%          2
c - Fulminant Prism       Conj/Hex       #####.....   2%          4
d - Iskenderun's Mystic   Conj/Tloc      #####...     3%          4
e - Sublimation of Blood  Necr           ####......   1%          2
f - Vampiric Draining     Necr           ####......   2%          3
g - Corpse Rot            Necr/Air       N/A          3%          2

Your spell library contained the following spells:

 Spells                   Type           Power        Failure   Level
 Pain                     Necr           ####         1%          1
 Dazzling Flash           Conj/Hex       #####.       1%          3


Dungeon Overview and Level Annotations

Branches:
Dungeon (8/15)             Temple (1/1) D:6
   Lair: D:8-11

Altars:
Ashenzari
Cheibriados
Dithmenos
Elyvilon
Fedhas
Gozag
Hepliaklqana
Kikubaaqudgha
Makhleb
Nemelex Xobeh
Okawaru
Qazlal
Ru
Sif Muna
Trog
Uskayaw
Vehumet
Wu Jian
Xom
Yredelemnul
Zin
The Shining One

Annotations:
D:8 Joseph


Message History

Confirm with . or Enter, or press ? or * to list all spells.
Aiming: Searing Ray (safe; 1% risk of failure)
Press: ? - help, Shift-Dir - straight line, f/p - Joseph
Aim: Joseph, wielding a +0 hunting sling, wearing a +2 ring mail of cold resistance, quivering 22 sling bullets and carrying a wand of digging (5) (heavily wounded)
The searing ray hits Joseph!
Joseph is severely wounded. (Press . to maintain the ray.)
The searing ray hits Joseph!
Joseph is severely wounded.
Joseph shoots a sling bullet.
The sling bullet hits you!!
The searing ray hits Joseph.
Joseph is almost dead.
Joseph shoots a sling bullet.
The sling bullet hits you!
* * * LOW HITPOINT WARNING * * *
The searing ray hits Joseph!
Joseph is almost dead.
You finish channeling your searing ray.
Joseph shoots a sling bullet.
The sling bullet hits you!
You die...
Kikubaaqudgha rasps: "You have failed me!
Welcome... death!"

# .#
######.#.#
#..(@†..#
#.####†.@...
# .#### #


You could see Joseph.

Vanquished Creatures
  Maggie (D:6)
  Grinder (D:5)
  Sigmund (D:4)
  Eustachio (D:5)
  2 sky beasts
  A black bear (D:6)
  An orc warrior (D:7)
  An ogre (D:4)
  2 centaurs
  2 bullfrogs (D:7)
  3 scorpions
  3 howler monkeys (D:8)
  The ghost of harkrass the Firebug, a weakling DsFE (D:4)
  2 bullfrog zombies (D:5)
  2 orc priests
  A centaur skeleton (D:4)
  2 jellies (D:5)
  2 iguanas
  Ijyb (D:3)
  4 worker ants
  A bullfrog skeleton (D:4)
  5 orc wizards
  A hound zombie (D:5)
  A hound skeleton (D:4)
  8 gnolls
  9 adders
  A white imp (D:7)
  5 worms
  2 dart slugs (D:3)
  4 leopard geckos
  12 orcs
  3 giant cockroaches
  7 goblins
  5 hobgoblins
  4 jackals (D:3)
  A quokka (D:3)
  4 bats
  7 frilled lizards
  6 kobolds
  A leopard gecko skeleton (D:4)
  4 rats
125 creatures vanquished.

Vanquished Creatures (others)
  3 fulminant prisms
  5 plants
8 creatures vanquished.

Grand Total: 133 creatures vanquished

Notes
Turn   | Place    | Note
-------+----------+-------------------------------------------
     0 | D:1      | graki42 the Deep Elf Conjurer began the quest for the Orb.
     0 | D:1      | Reached XP level 1. HP: 10/10 MP: 6/6
   532 | D:1      | Reached XP level 2. HP: 15/15 MP: 4/8
  1024 | D:2      | Learned a level 2 spell: Searing Ray
  1111 | D:2      | Reached XP level 3. HP: 19/19 MP: 6/10
  1598 | D:2      | Reached skill level 5 in Conjurations
  1916 | D:3      | Reached XP level 4. HP: 24/24 MP: 8/12
  2283 | D:3      | Noticed Ijyb
  2290 | D:3      | Killed Ijyb
  2290 | D:3      | Reached skill level 5 in Spellcasting
  2290 | D:3      | Reached XP level 5. HP: 28/28 MP: 9/14
  2387 | D:3      | Learned a level 4 spell: Fulminant Prism
  2392 | D:3      | Learned a level 4 spell: Iskenderun's Mystic Blast
  3039 | D:4      | Reached skill level 1 in Hexes
  3042 | D:4      | Reached skill level 1 in Translocations
  3179 | D:4      | Reached XP level 6. HP: 32/32 MP: 10/16
  3416 | D:4      | Found a runed translucent door.
  3416 | D:4      | Noticed harkrass's ghost (weakling DsFE)
  3443 | D:4      | Killed harkrass's ghost
  3508 | D:4      | Noticed Sigmund
  3521 | D:4      | Killed Sigmund
  3788 | D:4      | Got a warped chain mail
  3815 | D:4      | Reached XP level 7. HP: 36/36 MP: 12/18
  4353 | D:5      | Entered Level 5 of the Dungeon
  4514 | D:5      | Got a pitted chain mail
  4697 | D:5      | Reached XP level 8. HP: 33/41 MP: 16/20
  4837 | D:5      | Reached skill level 5 in Hexes
  4912 | D:5      | Noticed Eustachio
  4917 | D:5      | Killed Eustachio
  4920 | D:5      | Found an ancient bone altar of Kikubaaqudgha.
  5195 | D:5      | Became a worshipper of Kikubaaqudgha
  5411 | D:5      | Noticed Grinder
  5412 | D:5      | Paralysed by Grinder for 6 turns
  5420 | D:5      | Killed Grinder
  5892 | D:6      | Reached skill level 5 in Translocations
  5899 | D:6      | Got a crude scale mail
  5932 | D:6      | Found a staircase to the Ecumenical Temple.
  5938 | D:6      | Reached skill level 1 in Necromancy
  5978 | D:6      | Noticed Maggie
  5993 | D:6      | Killed Maggie
  5998 | Temple   | Entered the Ecumenical Temple
  6364 | D:6      | Identified the +1 chain mail of the King of the Hill {Harm
                  | rN+} (You found it on level 4 of the Dungeon)
  6374 | D:6      | Identified the cursed +0 chain mail "Jizecicu" {*Slow rElec
                  | rF++ rC+} (You found it on level 5 of the Dungeon)
  6395 | D:6      | Identified the +3 scale mail of Sif Muna's Benevolence
                  | {rPois Slay+3} (You found it on level 6 of the Dungeon)
  6636 | D:6      | Reached XP level 9. HP: 45/45 MP: 20/23
  6820 | D:6      | Found a stormy altar of Qazlal.
  7203 | D:7      | Reached * piety under Kikubaaqudgha
  7203 | D:7      | Identified Kikubaaqudgha's Volume of Sinister Rites
                  | (Kikubaaqudgha gifted it to you on level 7 of the Dungeon)
  7203 | D:7      | Received a gift from Kikubaaqudgha
  7273 | D:7      | Learned a level 2 spell: Sublimation of Blood
  7277 | D:7      | Learned a level 3 spell: Vampiric Draining
  7280 | D:7      | Learned a level 2 spell: Corpse Rot
  7529 | D:8      | Noticed Joseph
  7541 | D:8      | Shot with a sling bullet by Joseph

Illustrated notes

Levels and vault maps discovered:
D:1:      dpeg_arrival_rooms_b, layout_loops_ring, roderic_serpentine_path,
          minmay_box_of_dots
D:2:      layout_basic, minmay_strange_pillars
D:3:      layout_basic, uniq_ijyb
D:4:      layout_basic, hellmonk_ghost_happy_afterlife, uniq_sigmund
D:5:      layout_gridville, marbit_many_paths, minmay_lizard_king, uniq_grinder,
          uniq_eustachio
D:6:      layout_rooms, minmay_temple_entry_overgrown,
          nicolae_qazlal_eye_of_the_storm, uniq_maggie
D:7:      layout_basic, st_stairs_10
D:8:      lemuel_slime, layout_loops_ring, grunt_ogre_cave, uniq_joseph,
          uniq_harold
Temple:   regret_index_temple_sigil_plot

Skill      XL: |  1  2  3  4  5  6  7  8  9 |
---------------+----------------------------+-----
Stealth        | 3 |  3.0
Dodging        | 3 |  3.0
Conjurations   | 5 6 7 8 9 |  9.0
Spellcasting   | 4 5 6 7 8 9 |  9.6
Hexes          | 1 3 4 6 |  6.0
Translocations | 1 2 4 5 |  5.0
Necromancy     | 2 4 |  4.4

Action                   |  1- 3 |  4- 6 |  7- 9 || total
-------------------------+-------+-------+-------++-------
 Cast: Magic Dart        |    40 |    38 |    49 ||   127
       Searing Ray       |     8 |    17 |    50 ||    75
       Fulminant Prism   |       |     1 |     2 ||     3
       Iskenderun's Myst |       |       |     2 ||     2
       Sublimation of Bl |       |       |     1 ||     1
  Use: Scroll            |       |       |    12 ||    12
Armor: Robe              |     1 |       |     3 ||     4
       Steam dragon scal |       |       |     1 ||     1
Dodge: Dodged            |    13 |    20 |    31 ||    64

Table legend: (Time is in decaauts)
 A = Elapsed time spent in this place.
 B = Non-inter-level travel time spent in this place.
 C = Inter-level travel time spent in this place.
 D = Time resting spent in this place.
 E = Time spent auto-exploring this place.
 F = Levels seen in this place.
 G = Mean time per level.
                   A        B        C        D        E       F      G
               +--------+--------+--------+--------+--------+-----+--------+
         Total |   7543 |   7373 |    170 |   1477 |   5096 |   9 |  838.1 |
       Dungeon |   7188 |   7037 |    151 |   1477 |   4761 |   8 |  898.5 |
        Temple |    354 |    335 |     19 |      0 |    335 |   1 |  354.0 |
               +--------+--------+--------+--------+--------+-----+--------+

Top non-repeatable levels by time:
     D:5: 1535 daAuts
     D:3: 1344 daAuts
     D:4: 1202 daAuts
     D:2: 1069 daAuts
     D:1: 739 daAuts
     D:7: 648 daAuts
     D:6: 633 daAuts
  Temple: 354 daAuts
     D:8: 14 daAuts
